 Dungeon Crawl Stone Soup version 0.30-a0-726-gd89dcf765f (webtiles) character file.

Game seed: 2994381660090241433

1726066 Angani the Luminary of Lethal Lore (level 27, 228/228 HPs)
             Began as a Red Draconian Warper on Jan 23, 2023.
             Was the Champion of Vehumet.
             Escaped with the Orb
             ... and 3 runes on Jan 29, 2023!
             The game lasted 03:29:33 (73734 turns).

Angani the Luminary of Lethal Lore (DrWr)          Turns: 73734, Time: 03:29:34

Health: 228/228    AC: 27    Str: 15    XL:     27
Magic:  50/50      EV: 15    Int: 35    God:    Vehumet [******]
Gold:   5440       SH:  9    Dex: 10    Spells: 8/60 levels left

rFire   + + +      SeeInvis +    b - +6 Majin-Bo {spellvamp, MP+6 Int+6}
rCold   . . .      Faith    .    q - +2 buckler of the Solemn Hot Ocelot {Fly rElec SInv Stlth-}
rNeg    . . .      Spirit   .    (body armour unavailable)
rPois   .          Reflect  .    G - +2 hat
rElec   +          Harm     .    r - +4 dragonskin cloak
rCorr   .          Rampage  .    S - +2 pair of gloves
Will    ++...                    J - +3 pair of mountain boots {steadfast, rC+} Stlth
                                 U - amulet of Vitality {RegenMP++ Regen++}
HPRegen 2.18/turn                f - ring of fire
MPRegen 1.12/turn                V - ring of Megalomania {Fire Int+2}

@: flying, studying 2 skills
A: breathe fire, AC +13, unfitting armour, fire resistance 1, cold-blooded,
large bone plates 1, cold resistance 1, wild magic 1
0: Orb of Zot
}: 3/15 runes: decaying, serpentine, silver
a: Breathe Fire, Renounce Religion


You escaped.
You worshipped Vehumet.
Vehumet was exalted by your worship.
You visited 10 branches of the dungeon, and saw 50 of its levels.
You visited the Abyss 1 time.
You visited 1 ziggurat, and saw 13 of its levels.
You also visited: Trove, Sewer and Gauntlet.

You collected 11876 gold pieces.
You spent 6436 gold pieces at shops.

Inventory:

Hand Weapons
 b - the +6 Majin-Bo (weapon) {spellvamp, MP+6 Int+6}
   (You found it in a treasure trove)

   Int:       It affects your intelligence (+6).
   MP:        It affects your magic capacity (+6).
Armour
 q - the +2 buckler of the Solemn Hot Ocelot (worn) {Fly rElec SInv Stlth-}
   (You acquired it on level 4 of the Lair of Beasts)

   rElec:     It insulates you from electricity.
   SInv:      It lets you see invisible.
   Fly:       It grants you flight.
   Stlth:     It makes you less stealthy.
 r - the +4 dragonskin cloak (worn)
   (You took it off Tiamat on level 4 of the Realm of Zot)

   Avatar's Aegis: It grants the wearer a chance to resist fire, cold, poison,
   electricity, acid, and negative energy.
 G - a +2 hat (worn)
 J - the +3 pair of mountain boots (worn) {steadfast, rC+}
   (You acquired it on level 3 of the Elven Halls)

   Steadfast: It prevents involuntary movement, except for blinking,
   teleportation, or banishment.
   rC:        It protects you from cold.
 S - a +2 pair of gloves (worn)
 W - an orb of energy
Magical Staves
 u - a staff of fire
 K - a staff of conjuration
Jewellery
 f - a ring of fire (left hand)
 h - a ring of positive energy
 t - a ring of protection from cold
 x - the ring "Hukhloli" {rElec rF+ rC+ Str+3 Int-3}
   (You found it in a Gauntlet)

   [ring of protection from cold]

   Str:       It affects your strength (+3).
   Int:       It affects your intelligence (-3).
   rF:        It protects you from fire.
   rC:        It protects you from cold.
   rElec:     It insulates you from electricity.
 y - a ring of positive energy
 U - the amulet of Vitality (around neck) {RegenMP++ Regen++}
   (You bought it in a shop on level 2 of the Orcish Mines)

   [amulet of magic regeneration]

   It increases your rate of magic regeneration.
   Regen:     It increases your rate of health regeneration.
 V - the ring of Megalomania (right hand) {Fire Int+2}
   (You bought it in a shop on level 1 of the Depths)

   [ring of fire]

   It enhances your fire magic.
   Int:       It affects your intelligence (+2).
   rF:        It protects you from fire.
   rC:        It makes you vulnerable to cold.
Wands
 p - a wand of iceblast (24)
 w - a wand of paralysis (66)
 A - a wand of polymorph (35)
 B - a wand of flame (142)
 M - a wand of light (70)
 P - a wand of mindburst (9)
Scrolls
 a - 9 scrolls of blinking
 e - 23 scrolls of teleportation
 g - 10 scrolls of poison
 k - 13 scrolls of magic mapping
 z - 10 scrolls of immolation
 H - a scroll of summoning
 O - 5 scrolls of enchant armour
 R - 5 scrolls of amnesia
 X - 5 scrolls of silence
 Y - 14 scrolls of fog
 Z - 17 scrolls of fear
Potions
 c - 5 potions of ambrosia
 d - 13 potions of curing
 i - 13 potions of lignification
 j - 7 potions of berserk rage
 l - 9 potions of attraction
 m - 14 potions of brilliance
 o - 10 potions of cancellation
 v - 11 potions of mutation
 C - 10 potions of flight
 D - 14 potions of haste
 E - 9 potions of invisibility
 I - 8 potions of magic
 L - 6 potions of resistance
 N - 20 potions of heal wounds
 T - 8 potions of might
Miscellaneous
 F - a condenser vane
 Q - a box of beasts


   Skills:
 + Level 15.3 Fighting
 - Level 2.5 Polearms
 - Level 0.8 Throwing
 - Level 11.8 Dodging
 + Level 17.3 Spellcasting
 O Level 27 Conjurations
 - Level 1.5 Necromancy
 - Level 3.0 Translocations
 O Level 27 Fire Magic
 - Level 2.0 Ice Magic
 - Level 7.0 Air Magic
 - Level 11.0 Earth Magic
 O Level 27 Invocations
 - Level 8.0 Evocations


You had 8 spell levels left.
You knew the following spells:

 Your Spells              Type           Power      Damage    Failure   Level
a - Fire Storm            Conj/Fire      94%        8d24      1%          9
b - Ignition              Fire           94%        3d24      1%          8
c - Apportation           Tloc           100%       N/A       1%          1
d - Passwall              Tmut/Erth      61%        N/A       1%          2
e - Irradiate             Conj/Tmut      52%        3d29      1%          5
f - Passage of Golubria   Tloc           61%        N/A       8%          4
g - Iron Shot             Conj/Erth      59%        9d11      1%          6
h - Orb of Destruction    Conj           68%        9d16      1%          7
i - Freezing Cloud        Conj/Ice/Air   49%        6-21      1%          5
j - Fireball              Conj/Fire      94%        3d34      1%          5

Your spell library contained the following spells:

 Spells                   Type           Power      Damage    Failure   Level
 Polar Vortex             Ice            27%        N/A       100%        9
 Foxfire                  Conj/Fire      100%       2x1d9     1%          1
 Kiss of Death            Conj/Necr      100%       2d13      1%          1
 Magic Dart               Conj           100%       1d8       1%          1
 Necrotise                Necr           100%       1d9       1%          1
 Sandblast                Erth           100%       2d20      1%          1
 Shock                    Conj/Air       100%       1d9       1%          1
 Blink                    Tloc           100%       N/A       1%          2
 Cigotuvi's Dreadful Rot  Necr/Pois/Air  100%       N/A       1%          2
 Lesser Beckoning         Tloc           100%       N/A       1%          2
 Momentum Strike          Conj/Tloc      100%       3d10      1%          2
 Poisonous Vapours        Pois/Air       100%       N/A       1%          2
 Scorch                   Fire           100%       2d10      1%          2
 Searing Ray              Conj           100%       2d8       1%          2
 Static Discharge         Conj/Air       100%       2-7/arc   1%          2
 Dazzling Flash           Conj/Hex       100%       N/A       1%          3
 Frozen Ramparts          Ice            100%       1d16      1%          3
 Hailstorm                Conj/Ice       100%       3d20      1%          3
 Ignite Poison            Fire/Tmut/Pois 100%       N/A       1%          3
 Inner Flame              Hex/Fire       100%       N/A       1%          3
 Kindle Blastsparks       Fire/Tloc/Air  100%       2d18      1%          3
 Mephitic Cloud           Conj/Pois/Air  97%        N/A       1%          3
 Stone Arrow              Conj/Erth      100%       3d13      1%          3
 Swiftness                Air            80%        N/A       1%          3
 Vhi's Electric Charge    Tloc/Air       100%       N/A       1%          3
 Airstrike                Air            40%        2d(6-22)  1%          4
 Flame Wave               Conj/Fire      100%       2d21      1%          4
 Fulminant Prism          Conj/Hex       52%        3d23      1%          4
 Iskenderun's Mystic Bla  Conj/Tloc      100%       2d19      1%          4
 Sticky Flame             Conj/Fire      100%       2d11      1%          4
 Arcjolt                  Conj/Air       57%        1d67      1%          5
 Iskenderun's Battlesphe  Conj           100%       2d15      1%          5
 Lightning Bolt           Conj/Air       57%        1d79      1%          5
 Conjure Ball Lightning   Conj/Air       57%        3x3d21    1%          6
 Starburst                Conj/Fire      94%        6d24      1%          6
 Lehudib's Crystal Spear  Conj/Erth      59%        10d14     1%          8
 Sublimation of Blood     Necr           52%        N/A       2%          2
 Gell's Gravitas          Tloc           61%        N/A       2%          3
 Teleport Other           Tloc           61%        N/A       2%          3
 Spellforged Servitor     Conj/Summ      52%        N/A       2%          7
 Beastly Appendage        Tmut           78%        N/A       3%          1
 Sting                    Tmut/Pois      100%       1d8       3%          1
 Summon Small Mammal      Summ           100%       N/A       3%          1
 Ensorcelled Hibernation  Hex/Ice        96%        N/A       3%          2
 Leda's Liquefaction      Hex/Erth       37%        N/A       3%          4
 Petrify                  Tmut/Erth      74%        N/A       3%          4
 Call Imp                 Summ           39%        N/A       4%          2
 Wereblood                Tmut           39%        N/A       4%          2
 Portal Projectile        Hex/Tloc       100%       N/A       4%          3
 Vampiric Draining        Necr           52%        2d9       4%          3
 Borgnjor's Vile Clutch   Necr/Erth      38%        N/A       5%          5
 Olgreb's Toxic Radiance  Pois           39%        N/A       6%          4
 Summon Lightning Spire   Summ/Air       64%        N/A       6%          4
 Call Canine Familiar     Summ           39%        N/A       8%          3
 Spider Form              Tmut/Pois      39%        N/A       8%          3
 Tukima's Dance           Hex            39%        N/A       8%          3
 Manifold Assault         Tloc           61%        N/A       8%          4
 Animate Dead             Necr           52%        N/A       13%         4
 Dispel Undead            Necr           52%        3d19      13%         4
 Ice Form                 Ice/Tmut       48%        N/A       16%         4
 Summon Ice Beast         Ice/Summ       48%        N/A       16%         4
 Silence                  Hex/Air        32%        N/A       16%         5
 Yara's Violent Unravell  Hex/Tmut       19%        3d9       16%         5
 Anguish                  Hex/Necr       23%        N/A       17%         4
 Cause Fear               Hex            19%        N/A       22%         4
 Agony                    Necr           52%        N/A       32%         5
 Summon Forest            Summ/Tloc      26%        N/A       32%         5
 Statue Form              Tmut/Erth      49%        N/A       34%         6
 Metabolic Englaciation   Hex/Ice        24%        N/A       36%         5
 Alistair's Intoxication  Tmut/Pois      26%        N/A       50%         5
 Blade Hands              Tmut           19%        N/A       50%         5
 Summon Mana Viper        Hex/Summ       39%        N/A       50%         5
 Eringya's Noxious Bog    Tmut/Pois      19%        N/A       56%         6
 Dispersal                Tloc           30%        N/A       65%         6
 Simulacrum               Ice/Necr       26%        N/A       82%         6
 Ozocubu's Refrigeration  Ice            27%        4d13      83%         7
 Maxwell's Capacitive Co  Air            40%        ∞         83%         8
 Death Channel            Necr           26%        N/A       85%         6
 Summon Cactus Giant      Summ           19%        N/A       96%         6
 Storm Form               Tmut/Air       32%        N/A       98%         7
 Dragon Form              Tmut           19%        N/A       100%        7
 Enfeeble                 Hex            19%        N/A       100%        7
 Haunt                    Necr/Summ      23%        N/A       100%        7
 Malign Gateway           Summ/Tloc      26%        N/A       100%        7
 Monstrous Menagerie      Summ           19%        N/A       100%        7
 Summon Hydra             Summ           19%        N/A       100%        7
 Borgnjor's Revivificati  Necr           26%        N/A       100%        8
 Discord                  Hex            19%        N/A       100%        8
 Disjunction              Tloc           30%        N/A       100%        8
 Infestation              Necr           26%        N/A       100%        8
 Necromutation            Tmut/Necr      23%        N/A       100%        8
 Death's Door             Necr           26%        N/A       100%        9
 Dragon's Call            Summ           19%        N/A       100%        9


Dungeon Overview and Level Annotations

Branches:
Dungeon (15/15)            Temple (0/1) D:4            Lair (5/5) D:9
  Swamp (4/4) Lair:3        Snake (4/4) Lair:3        Slime (0/5) Lair:5
    Orc (2/2) D:11            Elf (3/3) Orc:2        Vaults (5/5) D:13
  Crypt (3/3) Vaults:2       Tomb (0/3) Crypt:3      Depths (4/4) D:15
    Zot (5/5) Depths:4      Sewer (visited)         Gauntlet (visited)

Altars:
Ashenzari
Cheibriados
Dithmenos
Elyvilon
Fedhas
Kikubaaqudgha
Makhleb
Okawaru
Ru
Sif Muna
Trog
Uskayaw
Vehumet
Xom
Yredelemnul
Zin
Jiyva

Shops:
D:3 *   D:7 :   Orc:1 :*   Orc:2 =*!!   Elf:3 ?:!   Snake:3 :   Snake:4 !
Vaults:1 :   Depths:1 ==:   Depths:2 =   Depths:4 !!=

Portals:
Hell: Lair:5 Depths:1 Depths:2 Depths:3 Depths:4
Abyss: Vaults:3 Depths:3
Pandemonium: Depths:1 Depths:2 Depths:3

Annotations:
D:11 Boris
Elf:2 5 runed translucent doors
Elf:3 1 exclusion
Depths:3 2 exclusions
Zot:1 2 transporters, Oczupsu's ghost, legendary GrFi
Zot:4 1 runed translucent door, Monuoraozee's ghost, legendary GnTm


Innate Abilities, Weirdness & Mutations

You can breathe blasts of fire.
Your fiery red scales are hard. (AC +13)
You cannot fit into any form of body armour.
Your flesh is heat resistant. (rF+)
You are cold-blooded and may be slowed by cold attacks.
You are partially covered in large bone plates. (SH +4)
Your flesh is cold resistant. (rC+)
Your spells are a little harder to cast, but a little more powerful.


Message History

There is a stone staircase leading up here.
You fly upwards.
There is a stone staircase leading down here.
Things that are here:
a +0 halberd; a +0 ring mail; a +0 trident
There is a stone staircase leading up here.
You fly upwards.
There is a stone staircase leading down here.
A shadow demon comes into view.
The shadow demon gestures.
Aiming: Fireball (safe; 1% risk of failure)
Press: ? - help, Q - select action, (/) - cycle Shift-Dir - straight line, f - shadow demon
Aim: a shadow demon You feel a strong surge of power!
The fireball explodes!
The fireball engulfs the shadow demon!!!
The shadow demon is almost dead.
The shadow demon gestures.
Aiming: Fireball (safe; 1% risk of failure)
Press: ? - help, Q - select action, (/) - cycle Shift-Dir - straight line, f/p - shadow demon
Aim: a shadow demon (almost dead)
You feel a strong surge of power!
The fireball explodes!
The fireball engulfs the hobgoblin!!!
You kill the hobgoblin!
The hobgoblin's corpse dissolves into shadows!
The fireball engulfs the shadow demon!!!
You kill the shadow demon!
Vehumet accepts your kill.
You feel your power returning.
The rat dissolves into shadows!
The jackal dissolves into shadows! x2
HP restored.
There is an escape hatch in the ceiling here.
Magic restored.
A mysterious force pulls you upwards. The hatch slams shut behind you.
There is a stone staircase leading up here.
You fly upwards.
There is a stone staircase leading down here.
There is an open door here.
There is a large open door here.
There is a staircase leading out of the dungeon here.
You have escaped!

.#...~~≈~~~~~~~~~~~~~~≈~~≈~~...#.
.....~~~≈≈~≈≈≈≈≈≈≈≈≈~≈≈≈≈≈≈~...#.
.....~≈≈≈≈≈≈≈≈≈≈≈≈≈≈≈≈≈≈≈≈≈~...#.
.....~≈≈#+#'#≈≈≈≈≈≈≈#+#'#≈≈~...##
.#...~≈≈'...##'###+##...'≈≈≈...#
##...≈≈≈'...#.......#...'≈≈~...#
.....~~≈#'#'#.#####.###'#≈≈~...#
......≈~≈≈#...#...#...'≈≈≈≈~...#
....⌠..~≈~'.⌠.'.@.###.#≈≈≈≈~.[.#
....⌠..≈~≈'.⌠.'...###.#≈≈≈≈~...#
......~~≈≈#...#...#...'≈≈≈≈~...#
#....~~≈#+###.#####.###'#≈≈~...#
##...~≈≈'...'.......+...'≈≈~...#
##...~≈≈'(..##'###+##..>'≈≈~...#
.#...~≈≈#+#'#≈≈≈≈≈≈≈#+#'#≈≈~...##
.#...~≈≈≈≈≈≈≈≈≈≈≈≈≈≈≈≈≈≈≈≈≈≈.....
.#...~≈≈≈≈≈≈≈≈≈≈≈≈≈≈≈≈≈≈≈≈≈~....#


There were no monsters in sight!

Vanquished Creatures
  Tiamat (Zot:4)
  4 pandemonium lords
  6 orbs of fire
  6 ancient liches
  2 dread liches
  Mara (Depths:2)
  A juggernaut (Depths:3)
  Sojobo (Vaults:4)
  Josephina (Depths:3)
  Boris (twice) (Crypt:2 Depths:3)
  4 Killer Klowns (Zot:5)
  The ghost of Nuh Ema the Eclecticist, a veteran HuVM of Jiyva (Crypt:3)
  Frederick (Vaults:3)
  Vashnia (Snake:4)
  The ghost of Fubrub the Fetichist, a veteran GnWr of Ashenzari (Vaults:3)
  8 golden dragons
  4 bone dragons
  2 electric golems (Zot:5)
  The ghost of Xehocikh the Sorcerer, an adept DjFE of Makhleb (Vaults:2)
  24 tentacled monstrosities
  Rupert (Vaults:3)
  Jorgrun (D:15)
  2 Hell Sentinels
  4 deep elf blademasters
  Mlioglotl (Swamp:1)
  A shard shrike skeleton (Crypt:3)
  5 liches
  26 Orb Guardians
  8 quicksilver dragons
  7 titans
  4 deep elf master archers
  The ghost of Zirion the Severer, an adept MiBe of Trog (Swamp:2)
  A walking divine tome (Depths:2)
  Frances (Lair:3)
  2 ancient champions (Crypt:3)
  3 tentacled starspawn
  The ghost of Zemnit the Fighter, an adept OgFi of Lugonu (D:15)
  11 death cobs
  A thorn hunter (Swamp:4)
  12 tengu reavers
  An Executioner (Zig:11)
  3 sphinxes (Vaults:5)
  Agnes (Vaults:3)
  Kirke (D:15)
  Roxanne (Snake:1)
  14 shadow dragons
  22 storm dragons
  8 draconian monks
  6 nagarajas
  A demonspawn warmonger (Zig:11)
  10 fire giants
  3 revenants
  A daeva (Zot:5)
  An emperor scorpion (Zig:10)
  10 frost giants
  6 deep elf sorcerers
  16 vault wardens
  4 draconian knights
  4 balrugs
  4 curse skulls
  7 draconian stormcallers
  2 ghost moths
  3 draconian scorchers
  The ghost of Xitaol the Ninja, an adept SpEn of Wu Jian (Snake:4)
  2 iron dragons
  A quicksilver ooze (shapeshifter) (Depths:4)
  4 draconian shifters
  4 cacodemons
  4 ghouls
  2 deep elf elementalists (Elf:3)
  4 orc warlords
  2 demonspawn corrupters (Zig:11)
  7 draconian annihilators
  4 reapers
  17 ironbound preservers
  9 ironbound thunderhulks
  2 spriggan defenders (Depths:2)
  5 war gargoyles
  18 stone giants
  18 green draconians
  9 deep elf demonologists
  2 lorocyprocas
  29 vampire knights
  31 very ugly things
  7 eleionomae
  8 black draconians
  6 dire elephants
  4 spark wasps
  6 deep elf annihilators
  A minotaur (Gauntlet)
  11 red draconians
  2 bunyips (Swamp:3)
  6 yellow draconians
  6 white draconians
  15 purple draconians
  2 green deaths (Zig:11)
  13 ettins
  A quicksilver dragon zombie (Crypt:3)
  8 jiangshi
  6 fire dragons
  6 deep elf death magi
  2 merfolk javelineers (Zig:13)
  5 eidola
  2 merfolk impalers (Zig:13)
  7 great orbs of eyes
  19 yaktaur captains
  A shambling mangrove (Swamp:3)
  4 crystal guardians
  2 entropy weavers (Zig:10)
  7 deep elf high priests
  22 hydras
  2 ghost crabs
  4 peacekeepers
  8 ice dragons
  5 spriggan air magi
  8 rakshasas
  33 vault guards
  2 caustic shrike simulacra (Depths:3)
  2 spriggan skeletons (Crypt:1)
  2 salamander tyrants (Snake:4)
  An alligator snapping turtle (Zig:13)
  A catoblepas (D:13)
  4 ogre magi
  6 ironbound frosthearts
  An anaconda (shapeshifter) (Vaults:5)
  13 naga warriors
  9 centaur warriors
  8 anacondas
  A jorogumo (shapeshifter) (Vaults:3)
  2 merfolk aquamancers (Zig:13)
  5 death knights
  8 two-headed ogres
  7 alligators
  A two-headed ogre (shapeshifter) (Vaults:5)
  2 merfolk avatars
  4 boulder beetles
  11 dancing weapons
  6 tengu warriors
  6 deep troll earth magi
  8 shock serpents
  A titan zombie (Crypt:3)
  11 death yaks
  6 orc high priests
  The ghost of kae the Transmogrifier, a novice DsTm of Ru (Lair:1)
  12 naga sharpshooters
  7 spriggan berserkers
  10 vampire magi
  5 sun demons
  A thrashing horror (Zig:7)
  3 wretched stars
  The ghost of Ezukleytt the Marksspriggan, a journeyman SpHu of Okawaru (D:11)
  16 hell knights
  2 storm dragon zombies
  25 deep elf knights
  Amaemon (Lair:2)
  34 skeletal warriors
  5 iron trolls
  2 shadow wraiths
  A titan skeleton (Crypt:1)
  A sun moth (Zig:1)
  4 sea snakes (Zig:13)
  A spectral bunyip (Swamp:2)
  5 salamander mystics
  A glowing orange brain (shapeshifter) (Gauntlet)
  9 sixfirhies
  12 glowing orange brains
  3 pharaoh ants
  5 flayed ghosts
  6 goliath frogs
  2 shadow demons
  3 anaconda zombies
  2 orb spiders (Zig:10)
  8 spriggan druids
  A spriggan simulacrum (Crypt:1)
  A steelbarb worm (Zig:10)
  An anaconda skeleton (Crypt:1)
  16 deep elf archers
  13 naga ritualists
  8 wizards
  48 deep trolls
  12 swamp dragons
  7 lindwurms
  An orange crystal statue (Depths:1)
  6 bog bodies
  7 necromancers
  19 phantasmal warriors
  13 ironbound convokers
  28 deep elf zephyrmancers
  9 orc knights
  10 harpies
  An iron dragon zombie (Crypt:3)
  5 orc sorcerers
  37 deep elf pyromancers
  2 stone giant zombies
  2 manticores
  12 mana vipers
  2 tengu skeletons (D:15)
  6 cyclopes
  A wolf spider (shapeshifter) (Vaults:5)
  A frost giant zombie (Zig:2)
  14 salamanders
  A shadow dragon skeleton (Crypt:2)
  56 ugly things
  26 moths of wrath
  An oklob plant (Lair:5)
  2 wolf spiders (Zig:10)
  3 spectral centaurs (D:11)
  A shining eye (shapeshifter) (Zig:12)
  A jorogumo skeleton (Crypt:3)
  5 will-o-the-wisps
  A merfolk siren (Zig:4)
  14 elephants
  4 demonic crawlers
  3 rust devils
  14 cane toads
  33 black mambas
  5 water nymphs
  A dire elephant zombie (Crypt:1)
  2 smoke demons
  A naga zombie (Crypt:1)
  23 vault sentinels
  3 titan simulacra
  3 guardian serpents
  4 gargoyles
  A torpor snail (Zig:10)
  An apocalypse crab (Vaults:3)
  A water nymph (shapeshifter) (Gauntlet)
  13 naga magi
  7 orange demons
  An alligator snapping turtle zombie (Crypt:1)
  A hellion (Depths:3)
  2 spriggan zombies
  An alligator snapping turtle skeleton (Crypt:1)
  A catoblepas zombie (Crypt:3)
  A yaktaur (shapeshifter) (D:15)
  Maggie (D:8)
  A death yak zombie (Crypt:2)
  A dire elephant skeleton (Crypt:1)
  4 rime drakes
  A kobold demonologist (D:10)
  4 unseen horrors
  A bunyip simulacrum (Swamp:2)
  A minotaur zombie (Crypt:1)
  7 red devils
  4 tormentors
  10 komodo dragons
  3 tengu conjurers
  2 efreet
  30 yaktaurs
  2 freezing wraiths (Crypt:1)
  An ancient zyme (Abyss:2)
  7 trolls
  2 ice devils
  2 guardian mummies
  24 hornets
  2 hellwings
  A polar bear (shapeshifter) (Vaults:3)
  5 tyrant leeches
  A meliai (shapeshifter) (Zig:12)
  2 harpy zombies (Crypt:3)
  2 bloated husks (Swamp:1)
  2 wind drakes (Zig:13)
  7 merfolk (Zig:13)
  A shadow dragon simulacrum (Crypt:1)
  A moth of wrath zombie (Crypt:3)
  A dream sheep (shapeshifter) (D:15)
  5 blink frogs
  An ice dragon zombie (Crypt:3)
  Grinder (D:3)
  3 snapping turtles (Zig:13)
  A raiju (Gauntlet)
  A fire dragon zombie (Crypt:1)
  3 jumping spiders (Zig:10)
  A meliai zombie (D:11)
  35 slime creatures
  8 flying skulls
  9 dream sheep
  A centaur simulacrum (D:11)
  3 vampires
  10 water elementals
  2 air elementals
  3 ynoxinuls
  16 wraiths
  An ushabti (Zig:2)
  43 yaks
  4 large abominations
  A wyvern (shapeshifter) (Vaults:3)
  A wind drake zombie (Crypt:1)
  A tyrant leech zombie (Crypt:1)
  21 spriggans
  3 hogs (D:15)
  4 fire bats (Abyss:2)
  A human (D:4)
  5 wyverns
  5 fire elementals
  5 basilisks
  3 chaos spawn
  A basilisk (shapeshifter) (D:15)
  3 redbacks (Zig:10)
  2 steam dragons (Gauntlet)
  5 neqoxecs
  33 vampire mosquitoes
  5 small abominations (Abyss:2)
  4 wargs
  A merfolk zombie (Crypt:2)
  A naga (shapeshifter) (D:15)
  14 swamp worms
  53 nagas
  A death drake simulacrum (Swamp:2)
  4 acid dragons
  5 hell hounds (Lair:5)
  Duvessa (D:7)
  16 water moccasins
  2 floating eyes
  28 orc warriors
  17 swamp drakes
  A sky beast (shapeshifter) (D:15)
  2 black bears
  An ice beast (D:6)
  4 sky beasts
  A swamp dragon zombie (Crypt:3)
  A black bear (shapeshifter) (Depths:4)
  A tengu (shapeshifter) (Vaults:5)
  6 boggarts
  13 wolves
  A centaur (shapeshifter) (D:15)
  A hog zombie (Crypt:2)
  13 ogres
  A boggart (shapeshifter) (D:15)
  A lindwurm skeleton (Crypt:1)
  2 centaurs
  A phantom (D:7)
  4 kobold brigands
  A hog skeleton (Crypt:3)
  6 earth elementals
  2 necrophages
  4 gnoll sergeants
  12 bullfrogs
  A scorpion (shapeshifter) (D:15)
  13 scorpions
  A troll zombie (Crypt:3)
  5 wights
  Dowan (D:7)
  A shapeshifter zombie (Crypt:2)
  3 electric eels
  3 howler monkeys
  2 centaur zombies
  34 orc priests
  9 hounds
  A jelly (D:4)
  Crazy Yiuf (D:2)
  3 gnoll boudas
  5 iguanas
  An iron imp (Abyss:2)
  2 human skeletons
  Jessica (D:3)
  A basilisk skeleton (Crypt:3)
  Ijyb (D:3)
  44 orc wizards
  Natasha (thrice) (D:4)
  A hell rat (Sewer)
  An acid dragon skeleton (Crypt:2)
  15 mummies
  25 gnolls
  12 adders
  A river rat (Sewer)
  A shadow imp (D:6)
  A swamp drake skeleton (Crypt:1)
  2 white imps (Abyss:2)
  An ufetubus (D:5)
  A worm (D:4)
  5 dart slugs
  78 orcs
  2 spectral bats (Abyss:2)
  3 bat simulacra (Abyss:2)
  7 endoplasms
  9 giant cockroaches
  7 goblins
  7 hobgoblins
  6 jackals
  3 quokkas
  11 ball pythons
  11 bats
  A frilled lizard (D:2)
  14 kobolds
  17 rats
  A rat zombie (Crypt:1)
  A plant (Depths:1)
  2 starspawn tentacles (Abyss:2)
2535 creatures vanquished.

Vanquished Creatures (collateral kills)
  An ancient lich (Zot:5)
  A golden dragon (Zot:3)
  Nikola (Vaults:3)
  An Orb Guardian (Zot:5)
  A draconian monk (Zot:4)
  A red draconian (Zot:4)
  A green draconian (Zot:3)
  A demonspawn black sun (Zig:11)
  2 moths of wrath
  2 vampire mosquitoes (Swamp:1)
12 creatures vanquished.

Vanquished Creatures (others)
  A tentacled monstrosity (Vaults:3)
  A red draconian (Zot:3)
  A deep elf knight (Elf:2)
  A bloated husk (Swamp:2)
  2 humans (D:15)
  A swamp drake (Swamp:3)
  An orc (Orc:1)
  A bat simulacrum (Abyss:2)
  A kobold skeleton (D:4)
  237 fire vortices
  6 foxfires (Swamp:3)
  19 fulminant prisms
  33 fungi
  114 plants
  14 withered plants (D:15)
433 creatures vanquished.

Grand Total: 2980 creatures vanquished

Notes
Turn   | Place    | Note
-------+----------+-------------------------------------------
     0 | D:1      | Angani the Draconian Warper began the quest for the Orb.
     0 | D:1      | Reached XP level 1. HP: 17/17 MP: 3/3
   135 | D:1      | Got Kiluwum's Vademecum on Arctic Obstruction
   163 | D:1      | Found a faded altar of an unknown god.
   167 | D:1      | Reached XP level 2. HP: 22/25 MP: 5/5
   174 | D:1      | Prayed at the altar of an unknown god.
   174 | D:1      | Became a worshipper of Vehumet
   174 | D:1      | Reached * piety under Vehumet
   174 | D:1      | Offered knowledge of Kiss of Death by Vehumet.
   287 | D:1      | Learned a level 1 spell: Kiss of Death
   568 | D:1      | Reached XP level 3. HP: 28/30 MP: 6/6
  1152 | D:2      | Reached skill level 1 in Necromancy
  1195 | D:2      | Found a runed translucent door.
  1196 | D:2      | Noticed Crazy Yiuf
  1209 | D:2      | Killed Crazy Yiuf
  1209 | D:2      | Reached ** piety under Vehumet
  1209 | D:2      | Offered knowledge of Searing Ray by Vehumet.
  1210 | D:2      | Reached skill level 1 in Conjurations
  1210 | D:2      | Reached XP level 4. HP: 13/32 MP: 5/7
  1533 | D:2      | Learned a level 2 spell: Searing Ray
  1862 | D:2      | Offered knowledge of Momentum Strike by Vehumet.
  1995 | D:3      | Found an iron altar of Okawaru.
  2010 | D:3      | Reached XP level 5. HP: 44/44 MP: 9/9
  2086 | D:3      | Found Gipro's General Store.
  2172 | D:3      | Noticed Ijyb
  2192 | D:3      | Killed Ijyb
  2408 | D:3      | Reached *** piety under Vehumet
  2409 | D:3      | Noticed Jessica
  2450 | D:3      | Killed Jessica
  2561 | D:3      | Noticed Grinder
  2574 | D:3      | Killed Grinder
  2575 | D:3      | Reached XP level 6. HP: 40/50 MP: 3/12
  2797 | D:4      | Found a glowing drain.
  2815 | D:4      | Your scales start taking on a fiery red colour.
  2815 | D:4      | Reached XP level 7. HP: 38/56 MP: 1/14
  2815 | D:4      | Gained mutation: Your flesh is heat resistant. (rF+) [Red
                  | Draconian growth]
  2817 | Sewer    | Entered a sewer
  2890 | Sewer    | Offered knowledge of Mephitic Cloud by Vehumet.
  2909 | Sewer    | Learned a level 3 spell: Mephitic Cloud
  3065 | D:4      | Reached skill level 5 in Spellcasting
  3195 | D:4      | Reached skill level 5 in Conjurations
  3344 | D:4      | Reached **** piety under Vehumet
  3542 | D:4      | Found a runed translucent door.
  3542 | D:4      | Noticed a human
  3549 | D:4      | Found a basalt altar of Yredelemnul.
  3555 | D:4      | Noticed Natasha
  3561 | D:4      | Killed a human
  3562 | D:4      | Reached XP level 8. HP: 54/62 MP: 5/17
  3581 | D:4      | Offered knowledge of Kindle Blastsparks by Vehumet.
  3616 | D:4      | Learned a level 3 spell: Kindle Blastsparks
  3632 | D:4      | Killed Natasha
  3780 | D:4      | Noticed Natasha
  3788 | D:4      | Killed Natasha
  3892 | D:4      | Found a staircase to the Ecumenical Temple.
  4235 | D:4      | Noticed Natasha
  4237 | D:4      | Killed Natasha
  4368 | D:5      | Entered Level 5 of the Dungeon
  4507 | D:5      | Found a shimmering altar of Xom.
  5427 | D:6      | Got the Handbook of Creation and Reformation
  5820 | D:6      | Reached XP level 9. HP: 68/68 MP: 12/20
  5978 | D:6      | Found a shimmering blue altar of Sif Muna.
  6216 | D:7      | Found Agoi's Book Shoppe.
  6518 | D:7      | Noticed Dowan
  6519 | D:7      | Noticed Duvessa
  6523 | D:7      | Killed Dowan
  6532 | D:7      | Killed Duvessa
  6998 | D:7      | Noticed a two-headed ogre
  7003 | D:7      | Found a transporter.
  7003 | D:7      | Found a transporter.
  7107 | D:7      | Reached ***** piety under Vehumet
  7228 | D:7      | Offered knowledge of Lee's Rapid Deconstruction by Vehumet.
  7241 | D:7      | Reached skill level 10 in Conjurations
  7241 | D:7      | Reached XP level 10. HP: 75/75 MP: 5/23
  8031 | D:7      | Killed a two-headed ogre
  8032 | D:7      | Reached skill level 10 in Spellcasting
  8269 | D:8      | Noticed a two-headed ogre
  8276 | D:8      | Killed a two-headed ogre
  8883 | D:8      | Noticed a two-headed ogre
  8892 | D:8      | Killed a two-headed ogre
  9097 | D:8      | Noticed Maggie
  9105 | D:8      | Killed Maggie
  9106 | D:8      | Reached XP level 11. HP: 60/81 MP: 19/26
  9237 | D:8      | Found a blossoming altar of Fedhas.
  9565 | D:8      | Found a glowing silver altar of Zin.
  9586 | D:9      | You fall into a shaft and drop 2 floors!
  9648 | D:11     | Found a staircase to the Orcish Mines.
  9794 | D:10     | Entered Level 10 of the Dungeon
  9897 | D:10     | Noticed a two-headed ogre
  9911 | D:10     | Killed a two-headed ogre
  9912 | D:10     | Reached skill level 1 in Evocations
 10439 | D:9      | Learned a level 5 spell: Irradiate
 10514 | D:9      | Reached skill level 5 in Fighting
 10650 | D:9      | Found a staircase to the Lair.
 10666 | D:9      | Identified a scroll of acquirement
 10666 | D:9      | Acquired Vefyott's Tractate on the Massed Xenotype
 11256 | Lair:1   | Entered Level 1 of the Lair of Beasts
 11489 | Lair:1   | Found a runed translucent door.
 11491 | Lair:1   | Noticed kae's ghost (novice DsTm)
 11832 | Lair:1   | Reached skill level 5 in Dodging
 12028 | Lair:1   | Reached skill level 5 in Evocations
 12428 | Lair:1   | Learned a level 4 spell: Fulminant Prism
 12449 | Lair:1   | Killed kae's ghost
 12846 | Lair:2   | Noticed a seven-headed hydra
 12859 | Lair:2   | Killed a seven-headed hydra
 12860 | Lair:2   | Reached XP level 12. HP: 78/100 MP: 13/27
 13218 | Lair:2   | Noticed Amaemon
 13227 | Lair:2   | Killed Amaemon
 14023 | Lair:3   | Offered knowledge of Iron Shot by Vehumet.
 14155 | Lair:3   | Learned a level 6 spell: Iron Shot
 14208 | Lair:3   | Reached skill level 1 in Earth Magic
 14351 | Lair:3   | Found a staircase to the Swamp.
 14399 | Lair:3   | Noticed a seven-headed hydra
 14408 | Lair:3   | Killed a seven-headed hydra
 14519 | Lair:3   | Found a staircase to the Snake Pit.
 14748 | Lair:3   | Reached skill level 5 in Earth Magic
 15052 | Lair:4   | Found a white marble altar of Elyvilon.
 15785 | Lair:4   | Reached XP level 13. HP: 28/107 MP: 28/28
 15799 | Lair:4   | Acquired the +2 buckler of the Solemn Hot Ocelot {Fly rElec
                  | SInv Stlth-}
 16344 | Lair:5   | Entered Level 5 of the Lair of Beasts
 16929 | Lair:5   | Reached skill level 10 in Earth Magic
 17495 | Lair:5   | Identified the +1 pair of boots "Jeerybaf" {rPois Dex+3}
 18032 | Lair:5   | Identified the -1 pair of boots of Lipn {*Slow rF+ Will++}
 18102 | Lair:5   | Reached ****** piety under Vehumet
 18104 | Lair:5   | Noticed a dire elephant
 18122 | Lair:5   | Killed a dire elephant
 18714 | Lair:5   | Offered knowledge of Orb of Destruction by Vehumet.
 18815 | Lair:5   | Learned a level 7 spell: Orb of Destruction
 18830 | Lair:5   | Found a viscous altar of Jiyva.
 18830 | Lair:5   | Found a staircase to the Slime Pits.
 19906 | Lair:5   | Found a burning altar of Makhleb.
 19923 | Lair:5   | Reached XP level 14. HP: 118/118 MP: 8/29
 20110 | Lair:5   | Found a gateway to Hell.
 20408 | D:10     | Found a broken altar of Ashenzari.
 20540 | D:10     | Found a shadowy altar of Dithmenos.
 20702 | D:10     | Found a hide-covered altar of Uskayaw.
 20799 | D:10     | Found a snail-covered altar of Cheibriados.
 21517 | D:11     | Found a runed translucent gate.
 21517 | D:11     | Found a runed translucent gate.
 21517 | D:11     | Found a runed translucent gate.
 21518 | D:11     | Noticed Ezukleytt's ghost (journeyman SpHu)
 21952 | D:12     | Found a gate leading to a gauntlet.
 21956 | Gauntlet | Entered a Gauntlet
 21956 | Gauntlet | Found a transporter.
 21956 | Gauntlet | Found a transporter.
 21970 | Gauntlet | Found a transporter.
 21972 | Gauntlet | Found a transporter.
 21977 | Gauntlet | Found a transporter.
 21996 | Gauntlet | Found a transporter.
 22004 | Gauntlet | Found a transporter.
 22006 | Gauntlet | Found a transporter.
 22006 | Gauntlet | Found a transporter.
 22010 | Gauntlet | Found a transporter.
 22046 | Gauntlet | Found a transporter.
 22066 | Gauntlet | Found a transporter.
 22070 | Gauntlet | Found a large runed translucent door.
 22106 | Gauntlet | Found a transporter.
 22108 | Gauntlet | Found a large runed translucent door.
 22108 | Gauntlet | Found a large runed translucent door.
 22109 | Gauntlet | Found a large runed translucent door.
 22109 | Gauntlet | Found a large runed translucent door.
 22110 | Gauntlet | Found a large runed translucent door.
 22110 | Gauntlet | Found a runed translucent door.
 22110 | Gauntlet | Found a runed translucent door.
 22110 | Gauntlet | Found a large runed translucent door.
 22110 | Gauntlet | Found a large runed translucent door.
 22111 | Gauntlet | Found a large runed translucent door.
 22111 | Gauntlet | Found a large runed translucent door.
 22114 | Gauntlet | Found a large runed translucent door.
 22114 | Gauntlet | Found a large runed translucent door.
 22116 | Gauntlet | Found a large runed translucent door.
 22116 | Gauntlet | Found a large runed translucent door.
 22116 | Gauntlet | Found a large runed translucent door.
 22118 | Gauntlet | Found a runed translucent gate.
 22118 | Gauntlet | Found a runed translucent gate.
 22118 | Gauntlet | Found a runed translucent gate.
 22120 | Gauntlet | Found a transporter.
 22131 | Gauntlet | Found a large runed translucent door.
 22220 | Gauntlet | Found a transporter.
 22236 | Gauntlet | Found a transporter.
 22807 | Gauntlet | Identified the ring "Hukhloli" {rElec rF+ rC+ Str+3 Int-3}
 22872 | Gauntlet | Identified the +4 longbow "Sekom" {antimagic, rF- Int+7}
 23074 | Gauntlet | Identified the +1 halberd "Sykoat" {flame, Str+3}
 24386 | D:12     | Upgraded the game from 0.30-a0-711-gf4ac18a38d to
                  | 0.30-a0-723-gc1506a1cf0
 24590 | Snake:1  | Entered Level 1 of the Snake Pit
 24591 | Snake:1  | Noticed Frances
 24684 | Lair:3   | Killed Frances
 24684 | Lair:3   | Offered knowledge of Freezing Cloud by Vehumet.
 24851 | Lair:3   | Learned a level 5 spell: Freezing Cloud
 25011 | Snake:1  | Reached skill level 1 in Air Magic
 25520 | Snake:1  | Noticed Roxanne
 25631 | Snake:1  | Identified the +7 arbalest "Demonslayer" {elec, Drain
                  | Int+6}
 25906 | Snake:1  | Killed Roxanne
 26356 | Snake:1  | Reached skill level 5 in Air Magic
 27302 | Snake:2  | Reached XP level 15. HP: 119/124 MP: 24/32
 28383 | Snake:2  | Reached skill level 1 in Invocations
 28480 | Snake:2  | Reached skill level 1 in Ice Magic
 29022 | Snake:2  | Found a sacrificial altar of Ru.
 29135 | Snake:2  | Offered knowledge of Fireball by Vehumet.
 29573 | Snake:2  | Learned a level 5 spell: Fireball
 29589 | Snake:2  | Reached skill level 5 in Invocations
 29949 | Snake:2  | Noticed a nagaraja
 29955 | Snake:2  | Killed a nagaraja
 31389 | Snake:3  | Found Fafofu's Book Boutique.
 31600 | Snake:4  | Entered Level 4 of the Snake Pit
 31600 | Snake:4  | Noticed a nagaraja
 31601 | Snake:4  | Found a transporter.
 31601 | Snake:4  | Noticed Xitaol's ghost (adept SpEn)
 31603 | Snake:4  | Noticed a nagaraja
 31606 | Snake:4  | Found a transporter.
 31927 | Snake:4  | Found Watruagg's Distillery.
 31935 | Snake:4  | Bought a potion of invisibility for 152 gold pieces
 31935 | Snake:4  | Bought a potion of flight for 57 gold pieces
 31935 | Snake:4  | Bought a potion of mutation for 152 gold pieces
 31935 | Snake:4  | Bought a potion of curing for 57 gold pieces
 31935 | Snake:4  | Bought a potion of mutation for 152 gold pieces
 31935 | Snake:4  | Bought a potion of cancellation for 152 gold pieces
 31935 | Snake:4  | Bought 2 potions of brilliance for 152 gold pieces
 31951 | Snake:4  | Offered knowledge of Conjure Ball Lightning by Vehumet.
 32300 | Snake:4  | Reached skill level 10 in Invocations
 32762 | Snake:4  | Reached XP level 16. HP: 118/132 MP: 8/34
 33197 | Snake:4  | Noticed Vashnia
 34491 | Snake:4  | Killed Vashnia
 35316 | Snake:4  | Got a serpentine rune of Zot
 35450 | Swamp:1  | Entered Level 1 of the Swamp
 35890 | Swamp:1  | Noticed Mlioglotl
 35899 | Swamp:1  | Reached skill level 10 in Fighting
 36311 | Swamp:1  | Killed Mlioglotl
 36467 | Swamp:1  | Acquired the amulet of Egomania {RegenMP Str+3}
 36959 | Swamp:2  | Offered knowledge of Starburst by Vehumet.
 37453 | Swamp:2  | Found a transporter.
 37462 | Swamp:2  | Noticed Zirion's ghost (adept MiBe)
 37524 | Swamp:2  | Found a transporter.
 38088 | Swamp:3  | Reached XP level 17. HP: 149/149 MP: 17/35
 38153 | Swamp:3  | Identified the amulet "Fielanwaop" {Spirit Dex+4 Slay+3}
 38328 | Swamp:3  | Noticed a tentacled monstrosity
 38334 | Swamp:3  | Killed a tentacled monstrosity
 39052 | Swamp:3  | Identified the +2 long sword "Demonbane" {heavy, rC+ Str+5}
 39093 | Swamp:4  | Entered Level 4 of the Swamp
 40155 | Swamp:4  | Reached skill level 10 in Dodging
 40218 | Swamp:4  | Offered knowledge of Polar Vortex by Vehumet.
 40218 | Swamp:4  | Offered knowledge of Ignition by Vehumet.
 40218 | Swamp:4  | Offered knowledge of Maxwell's Capacitive Coupling by
                  | Vehumet.
 40616 | Swamp:4  | Got a decaying rune of Zot
 40900 | Orc:1    | Entered Level 1 of the Orcish Mines
 41038 | Orc:1    | Found Oluogeu's Book Shoppe.
 41072 | Orc:2    | Entered Level 2 of the Orcish Mines
 41085 | Orc:1    | Paralysed by an orc sorcerer for 3 turns
 41456 | Orc:1    | Found Dazaluol's Overcharged Wands.
 42246 | Orc:2    | Found Gidaqol's Assorted Antiques.
 42246 | Orc:2    | Found Denew's Distillery.
 42247 | Orc:2    | Found Bainell's Distillery.
 42251 | Orc:2    | Found Murof's Jewellery Shoppe.
 42262 | Orc:2    | Bought the amulet of Vitality {RegenMP++ Regen++} for 1300
                  | gold pieces
 42262 | Orc:2    | Found the amulet of Vitality {RegenMP++ Regen++}
 42760 | Orc:2    | Found a staircase to the Elven Halls.
 43312 | D:12     | Learned a level 8 spell: Ignition
 43424 | Elf:1    | Entered Level 1 of the Elven Halls
 43428 | Elf:1    | Reached skill level 1 in Fire Magic
 43626 | Elf:1    | Reached skill level 5 in Fire Magic
 43744 | Elf:1    | Got the Octavo of Momentum
 43926 | Elf:1    | Reached XP level 18. HP: 160/160 MP: 14/36
 44165 | Elf:1    | Identified the +5 spear of Demonkind {venom, rF+}
 44281 | Elf:1    | Got the Grimoire of Electrocution
 44983 | Elf:2    | Found a huge runed translucent gate.
 44984 | Elf:2    | Found a huge runed translucent gate.
 44984 | Elf:2    | Found a huge runed translucent gate.
 44984 | Elf:2    | Found a huge runed translucent gate.
 44985 | Elf:2    | Found a huge runed translucent gate.
 45005 | Elf:2    | Reached skill level 10 in Fire Magic
 45262 | Elf:2    | Found a huge runed translucent gate.
 45262 | Elf:2    | Found a huge runed translucent gate.
 45262 | Elf:2    | Found a huge runed translucent gate.
 45262 | Elf:2    | Found a huge runed translucent gate.
 45262 | Elf:2    | Found a huge runed translucent gate.
 45345 | Elf:2    | Found a huge runed translucent gate.
 45345 | Elf:2    | Found a huge runed translucent gate.
 45345 | Elf:2    | Found a huge runed translucent gate.
 45347 | Elf:2    | Identified the +8 double sword of Skirmishing {freeze,
                  | Contam +Blink rC+ rCorr}
 45573 | Elf:3    | Entered Level 3 of the Elven Halls
 45586 | Elf:3    | Found Quak's Book Shop.
 45693 | Elf:3    | Found High's Magic Scroll Boutique.
 45702 | Elf:3    | Bought a scroll of acquirement for 676 gold pieces
 45702 | Elf:3    | Acquired the +3 pair of mountain boots {steadfast, rC+}
 45702 | Elf:3    | Found the +3 pair of mountain boots {steadfast, rC+}
 45813 | Elf:3    | Identified the +4 trident of Narhokoc {pain, rElec rPois
                  | Will- Str+6}
 45917 | Elf:3    | Found Yhett's Distillery.
 45940 | Elf:3    | Bought a potion of experience for 650 gold pieces
 45940 | Elf:3    | Reached skill level 15 in Invocations
 45940 | Elf:3    | Reached XP level 19. HP: 167/167 MP: 37/37
 46301 | Elf:3    | Identified the ring "Doawal" {Str+6 Int+3 Dex+8 Stlth-}
 46370 | Elf:3    | Reached skill level 15 in Fire Magic
 46397 | Elf:3    | Identified the +1 pair of boots "Hais" {Int+2}
 46406 | Elf:3    | Identified the ring "Iwkagg" {Int+5 Dex+6}
 46452 | Elf:3    | Identified the +0 dagger "Arep" {elec, Int+3 Stlth+}
 46454 | Elf:3    | Identified the ring "Peraz" {rElec Str+6}
 46559 | Elf:3    | Identified the +2 cloak of Limitation {-Cast Str+4 Dex+4}
 46813 | Elf:3    | Bought a scroll of teleportation for 39 gold pieces
 46813 | Elf:3    | Bought a scroll of teleportation for 39 gold pieces
 47083 | D:13     | Identified the +5 dagger of Fear {venom, rF++}
 47434 | D:13     | Found a gate to the Vaults.
 48237 | D:15     | Entered Level 15 of the Dungeon
 48260 | D:15     | Reached XP level 20. HP: 174/174 MP: 27/38
 48282 | D:15     | Found a shimmering blue altar of Sif Muna.
 48395 | D:15     | Found a staircase to the Depths.
 48550 | D:15     | Noticed Kirke
 48556 | D:15     | Killed Kirke
 48801 | D:15     | Paralysed by an ogre mage for 4 turns
 48834 | D:15     | Noticed Jorgrun
 48838 | D:15     | Killed Jorgrun
 48867 | D:15     | Found a runed translucent gate.
 48867 | D:15     | Found a runed translucent gate.
 48867 | D:15     | Found a runed translucent gate.
 49304 | D:15     | Found a runed translucent gate.
 49304 | D:15     | Found a runed translucent gate.
 49310 | D:15     | Noticed Zemnit's ghost (adept OgFi)
 49312 | D:15     | Found a runed translucent gate.
 49337 | D:15     | Gained mutation: You sometimes lose your temper in combat.
                  | [a neqoxec]
 49366 | D:15     | HP: 7/174 [Zemnit's ghost (28)]
 49366 | D:15     | HP: 1/174 [Zemnit's ghost (6)]
 49483 | D:15     | Killed Zemnit's ghost
 49559 | D:15     | Learned a level 1 spell: Apportation
 49563 | D:15     | Lost mutation: You sometimes lose your temper in combat.
                  | [potion of mutation]
 49563 | D:15     | Gained mutation: You are dopey. (Int -2) [potion of
                  | mutation]
 49564 | D:15     | Lost mutation: You are dopey. (Int -2) [potion of mutation]
 49564 | D:15     | Gained mutation: You have large cloven feet. [potion of
                  | mutation]
 49565 | D:15     | Lost mutation: You have large cloven feet. [potion of
                  | mutation]
 49565 | D:15     | Gained mutation: You are robust. (+10% HP) [potion of
                  | mutation]
 49565 | D:15     | Gained mutation: You have a somewhat thin skeletal
                  | structure. (Dex +2, Stealth+) [potion of mutation]
 49565 | D:15     | Gained mutation: You are agile. (Dex +4, Str/Int -1)
                  | [potion of mutation]
 49566 | D:15     | Lost mutation: You are robust. (+10% HP) [potion of
                  | mutation]
 49566 | D:15     | Lost mutation: You have a somewhat thin skeletal structure.
                  | (Dex +2, Stealth+) [potion of mutation]
 49566 | D:15     | Lost mutation: You are agile. (Dex +4, Str/Int -1) [potion
                  | of mutation]
 49566 | D:15     | Gained mutation: Your tail ends in a venomous barb. [potion
                  | of mutation]
 49567 | D:15     | Lost mutation: Your tail ends in a venomous barb. [potion
                  | of mutation]
 49567 | D:15     | Gained mutation: Your spells are a little harder to cast,
                  | but a little more powerful. [potion of mutation]
 49567 | D:15     | Gained mutation: You do not regenerate when monsters are
                  | visible. [potion of mutation]
 49568 | D:15     | Lost mutation: You do not regenerate when monsters are
                  | visible. [potion of mutation]
 49568 | D:15     | Lost mutation: Your spells are a little harder to cast, but
                  | a little more powerful. [potion of mutation]
 49568 | D:15     | Gained mutation: Your muscles are strong. (Str +4, Int/Dex
                  | -1) [potion of mutation]
 49568 | D:15     | Gained mutation: Your tail ends in a venomous barb. [potion
                  | of mutation]
 49568 | D:15     | Gained mutation: Your muscles are very strong. (Str +8,
                  | Int/Dex -2) [potion of mutation]
 49569 | D:15     | Lost mutation: Your tail ends in a venomous barb. [potion
                  | of mutation]
 49569 | D:15     | Lost mutation: Your muscles are very strong. (Str +8,
                  | Int/Dex -2) [potion of mutation]
 49569 | D:15     | Lost mutation: Your muscles are strong. (Str +4, Int/Dex
                  | -1) [potion of mutation]
 49569 | D:15     | Gained mutation: You have very sharp teeth. [potion of
                  | mutation]
 49569 | D:15     | Gained mutation: Your tail ends in a venomous barb. [potion
                  | of mutation]
 49570 | D:15     | Lost mutation: You have very sharp teeth. [potion of
                  | mutation]
 49570 | D:15     | Lost mutation: Your tail ends in a venomous barb. [potion
                  | of mutation]
 49570 | D:15     | Gained mutation: Your flesh is cold resistant. (rC+)
                  | [potion of mutation]
 49570 | D:15     | Gained mutation: You are partially covered in large bone
                  | plates. (SH +4) [potion of mutation]
 49570 | D:15     | Gained mutation: Your spells are a little harder to cast,
                  | but a little more powerful. [potion of mutation]
 49645 | Vaults:1 | Entered Level 1 of the Vaults
 49648 | Vaults:1 | Found Qibythruu's Book Emporium.
 50303 | Vaults:1 | Paralysed by a great orb of eyes for 5 turns
 51381 | Vaults:2 | Found a transporter.
 51382 | Vaults:2 | Found a transporter.
 51382 | Vaults:2 | Noticed Xehocikh's ghost (adept DjFE)
 51385 | Vaults:2 | Identified the +3 great mace "Ogreslayer" {freeze, Dex+3}
 51693 | Vaults:2 | Found a staircase to the Crypt.
 51995 | Vaults:2 | Reached XP level 21. HP: 181/181 MP: 32/39
 52637 | Vaults:3 | Noticed Nikola
 52642 | Vaults:3 | Killed Nikola
 53043 | Vaults:3 | Noticed Fubrub's ghost (veteran GnWr)
 53043 | Vaults:3 | Found a one-way gate to the infinite horrors of the Abyss.
 53044 | Vaults:3 | Found a transporter.
 53049 | Vaults:3 | Found a transporter.
 53391 | Vaults:3 | Noticed Rupert
 53394 | Vaults:3 | Noticed Frederick
 53396 | Vaults:3 | Killed Rupert
 53397 | Vaults:3 | Noticed Agnes
 53403 | Vaults:3 | Killed Agnes
 53404 | Vaults:3 | Killed Frederick
 53591 | Vaults:3 | Acquired Wiunt's Codex of the Planar Torch
 53606 | Vaults:3 | Learned a level 9 spell: Fire Storm
 53704 | Vaults:4 | Noticed Sojobo
 53707 | Vaults:4 | Killed Sojobo
 54735 | Vaults:4 | Reached XP level 22. HP: 189/189 MP: 23/40
 55099 | Vaults:5 | Entered Level 5 of the Vaults
 55106 | Vaults:5 | Reached skill level 15 in Conjurations
 55206 | Vaults:5 | Noticed an ancient lich
 55213 | Vaults:5 | Killed an ancient lich
 55219 | Vaults:5 | Noticed an ancient lich
 55407 | Vaults:5 | Got a silver rune of Zot
 55722 | Vaults:5 | Noticed a golden dragon
 55729 | Vaults:5 | Killed a golden dragon
 55782 | Vaults:5 | Identified the +3 great sword "Olypn" {heavy, *Slow Will++}
 55782 | Vaults:5 | Identified the ring "Jeugae" {*Slow rElec rC+ Int+3}
 55905 | Abyss:2  | Cast into level 2 of the Abyss (a deep elf demonologist)
 56050 | Abyss:2  | Found a corrupted altar of Lugonu.
 56057 | Abyss:2  | Found a corrupted altar of Lugonu.
 56097 | Abyss:2  | Reached XP level 23. HP: 163/195 MP: 5/41
 56144 | Vaults:5 | Escaped the Abyss
 56236 | Vaults:5 | Identified the +1 war axe of Big Damage {freeze, *Slow
                  | rPois rF+ Dex+2}
 56387 | Vaults:5 | Killed an ancient lich
 56464 | Vaults:5 | Identified the +8 morningstar of the Stained God {freeze,
                  | Str+2}
 56516 | Vaults:5 | Identified the +3 lajatang of the Weasel {freeze, Drain rC+
                  | Int+4}
 56564 | Vaults:5 | Noticed an ancient lich
 56585 | Vaults:5 | Killed an ancient lich
 57088 | Vaults:5 | Upgraded the game from 0.30-a0-723-gc1506a1cf0 to
                  | 0.30-a0-726-gd89dcf765f
 57212 | Crypt:1  | Entered Level 1 of the Crypt
 57347 | Crypt:1  | Paralysed by a vampire knight for 4 turns
 58628 | Crypt:2  | Noticed Boris
 58632 | Crypt:2  | Killed Boris
 58883 | Crypt:3  | Entered Level 3 of the Crypt
 59041 | Crypt:3  | Found a runed translucent door.
 59041 | Crypt:3  | Noticed Nuh Ema's ghost (veteran HuVM)
 59116 | Crypt:3  | Found a staircase to the Tomb.
 59210 | Crypt:3  | Paralysed by a vampire knight for 2 turns
 59373 | Crypt:3  | Found an ancient bone altar of Kikubaaqudgha.
 59485 | Crypt:3  | Identified the +0 helmet of Demons {Harm Will+}
 59486 | Crypt:3  | Identified the amulet of Xom, Mashing {Regen+ Dex+5}
 59736 | Crypt:3  | Got the Directory of Lamentation
 59765 | Crypt:3  | Reached XP level 24. HP: 203/203 MP: 37/41
 59838 | Crypt:3  | Paralysed by a vampire knight for 2 turns
 60399 | Crypt:3  | Killed Nuh Ema's ghost
 60589 | Vaults:2 | Killed Xehocikh's ghost
 60889 | Vaults:3 | Killed Fubrub's ghost
 61139 | D:11     | Killed Ezukleytt's ghost
 61351 | Swamp:2  | Killed Zirion's ghost
 61957 | Snake:4  | Killed Xitaol's ghost
 62600 | Depths:1 | Entered Level 1 of the Depths
 62651 | Depths:1 | Found Xuolaa's Book Boutique.
 62651 | Depths:1 | Found Gamefige's Jewellery Emporium.
 62652 | Depths:1 | Found Luunnyh's Jewellery Emporium.
 62673 | Depths:1 | Bought the ring of Megalomania {Fire Int+2} for 868 gold
                  | pieces
 62864 | Depths:1 | Identified the +1 dire flail of Qawyqauw {speed, Contam
                  | Int+2 Dex+8}
 63088 | Depths:1 | Found a one-way gate leading to the halls of Pandemonium.
 63809 | Depths:2 | Noticed Mara
 63812 | Depths:2 | Noticed Angani's illusion
 63813 | Depths:2 | Killed Mara
 63849 | Depths:2 | Found an ancient bone altar of Kikubaaqudgha.
 63985 | Depths:2 | Found Siuhah's Jewellery Shoppe.
 64342 | Depths:2 | Reached XP level 25. HP: 210/210 MP: 33/41
 64360 | Depths:2 | Found a one-way gateway to a ziggurat.
 64974 | Depths:3 | Noticed Boris
 64976 | Depths:3 | Killed Boris
 65300 | Depths:3 | Identified the ring "Foutagai" {Ice *Slow Str+3 Slay+2}
 65300 | Depths:3 | Noticed Josephina
 65303 | Depths:3 | Killed Josephina
 65304 | Depths:3 | Reached skill level 15 in Spellcasting
 65437 | Depths:3 | Noticed a juggernaut
 65440 | Depths:3 | Killed a juggernaut
 65529 | Depths:2 | Identified the +9 quarterstaff "Zuni" {freeze, rElec rN+
                  | Dex+2}
 65543 | Depths:3 | Found a white marble altar of Elyvilon.
 66162 | Depths:4 | Entered Level 4 of the Depths
 66405 | Depths:4 | Found a gate to the Realm of Zot.
 66462 | Depths:4 | Acquired 359 gold pieces
 66557 | Depths:4 | Found a portal to a secret trove of treasure.
 66572 | Depths:4 | You paid a toll of 14 potions of curing to enter a treasure
                  | trove
 66573 | Trove    | Entered a treasure trove
 66575 | Trove    | Found the +6 Majin-Bo {spellvamp, MP+6 Int+6}
 67025 | Depths:4 | Found Goduempo's Distillery.
 67040 | Depths:4 | Bought 2 potions of curing for 90 gold pieces
 67040 | Depths:4 | Bought a potion of haste for 150 gold pieces
 67040 | Depths:4 | Bought a potion of attraction for 45 gold pieces
 67040 | Depths:4 | Bought a potion of curing for 45 gold pieces
 67040 | Depths:4 | Bought 2 potions of magic for 240 gold pieces
 67040 | Depths:4 | Bought a potion of resistance for 150 gold pieces
 67143 | Depths:4 | Found Dugog's Jewellery Emporium.
 67143 | Depths:4 | Found Icwusoydd's Distillery.
 67157 | Depths:4 | Bought a potion of brilliance for 76 gold pieces
 67157 | Depths:4 | Bought a potion of heal wounds for 95 gold pieces
 67157 | Depths:4 | Bought a potion of heal wounds for 95 gold pieces
 67157 | Depths:4 | Bought a potion of magic for 152 gold pieces
 67157 | Depths:4 | Bought a potion of lignification for 57 gold pieces
 67157 | Depths:4 | Bought a potion of haste for 190 gold pieces
 67157 | Depths:4 | Bought a potion of heal wounds for 95 gold pieces
 67216 | Depths:4 | Learned a level 2 spell: Passwall
 67408 | Vaults:1 | Bought Great Wizards, Vol. VII for 510 gold pieces
 67413 | Vaults:1 | Learned a level 4 spell: Passage of Golubria
 67528 | Zig:1    | Entered Level 1 of a ziggurat
 67551 | Zig:2    | Entered Level 2 of a ziggurat
 67581 | Zig:3    | Entered Level 3 of a ziggurat
 67714 | Zig:4    | Entered Level 4 of a ziggurat
 67751 | Zig:5    | Entered Level 5 of a ziggurat
 67756 | Zig:5    | Noticed Lezec the pandemonium lord
 67759 | Zig:5    | Killed Lezec the pandemonium lord
 67800 | Zig:6    | Entered Level 6 of a ziggurat
 67807 | Zig:6    | Found the +7 captain's cutlass {speed, disarm}
 67822 | Zig:6    | Identified the +8 hand axe "Xotuxio" {pain, rPois MP+9
                  | Str+3 Dex-5}
 67827 | Zig:6    | Identified the +1 scale mail "Ifof Ybu" {Dex+4 Slay+3}
 67837 | Zig:7    | Entered Level 7 of a ziggurat
 67876 | Zig:7    | Identified the +4 battleaxe of Xisuen {protect, rC+ Int+8}
 67892 | Zig:8    | Entered Level 8 of a ziggurat
 67918 | Zig:8    | Identified the +7 hand axe of Xeacwea {flame, rF+ rC+}
 67936 | Zig:9    | Entered Level 9 of a ziggurat
 67947 | Zig:9    | Killed a dread lich
 67979 | Zig:9    | Reached XP level 26. HP: 217/217 MP: 43/43
 67989 | Zig:10   | Entered Level 10 of a ziggurat
 67999 | Zig:10   | Reached XP level 27. HP: 224/224 MP: 43/43
 68041 | Zig:10   | Identified the ring of Foyhergh {Fly Int+2 Dex+3}
 68048 | Zig:10   | Identified the +1 lajatang of the Destroying Gods {speed,
                  | Int+2 SInv}
 68051 | Zig:10   | Identified the +10 morningstar of Meruaroph {antimagic,
                  | *Noise Will+ Int+3}
 68065 | Zig:11   | Entered Level 11 of a ziggurat
 68077 | Zig:11   | Noticed Uplusch the pandemonium lord
 68079 | Zig:11   | Killed Uplusch the pandemonium lord
 68166 | Zig:11   | Identified the +1 scimitar "Wirreesk" {freeze, rF- Int+3}
 68170 | Zig:11   | Got the Elucidation of the Stork
 68191 | Zig:12   | Entered Level 12 of a ziggurat
 68233 | Zig:12   | Identified the +5 quarterstaff of Vodka {drain, rElec rF+}
 68247 | Zig:12   | Identified the ring of Godomaec {EV+5 Int+3}
 68255 | Zig:13   | Entered Level 13 of a ziggurat
 68287 | Zig:13   | Identified the +5 plate armour of Cynicism {rF++ Regen+}
 68289 | Zig:13   | Identified the ring "Buunil" {rN+ Dex+4}
 68301 | Zig:13   | Identified the ring of Boum {Fly Int+3}
 68304 | Zig:13   | Identified the +1 scale mail of Repulsion {Str+5 Dex+4
                  | Slay-5 SInv}
 68430 | Zot:1    | Entered Level 1 of the Realm of Zot
 68680 | Zot:1    | Found a transporter.
 68682 | Zot:1    | Found a transporter.
 68685 | Zot:1    | Identified the +2 cloak "Kunufale" {rF+}
 68686 | Zot:1    | Noticed Oczupsu's ghost (legendary GrFi)
 68689 | Zot:1    | Found a bloodstained altar of Trog.
 68714 | Zot:1    | Identified the +2 cloak of Wumirraps {-Cast rElec rC++
                  | Dex+4}
 71146 | Zot:4    | Found the +4 dragonskin cloak
 71146 | Zot:4    | Noticed Tiamat
 71431 | Zot:4    | Noticed an orb of fire
 71435 | Zot:4    | Killed an orb of fire
 71530 | Zot:4    | Killed Tiamat
 71735 | Zot:4    | Found a runed translucent door.
 71735 | Zot:4    | Noticed Monuoraozee's ghost (legendary GnTm)
 72132 | Zot:5    | Entered Level 5 of the Realm of Zot
 72401 | Zot:5    | Noticed an orb of fire
 72402 | Zot:5    | Noticed an orb of fire
 72402 | Zot:5    | Noticed an orb of fire
 72402 | Zot:5    | Noticed an orb of fire
 72404 | Zot:5    | Killed an orb of fire
 72405 | Zot:5    | Killed an orb of fire
 72405 | Zot:5    | Killed an orb of fire
 72406 | Zot:5    | Reached skill level 27 in Invocations
 72406 | Zot:5    | Killed an orb of fire
 72421 | Zot:5    | Noticed an ancient lich
 72422 | Zot:5    | Noticed an orb of fire
 72423 | Zot:5    | Killed an ancient lich
 72425 | Zot:5    | Killed an orb of fire
 72426 | Zot:5    | Noticed an ancient lich
 72427 | Zot:5    | Killed an ancient lich
 72429 | Zot:5    | Noticed an ancient lich
 72430 | Zot:5    | Killed an ancient lich
 72432 | Zot:5    | Reached skill level 27 in Fire Magic
 72442 | Zot:5    | Noticed a dread lich
 72443 | Zot:5    | Paralysed by a dread lich for 2 turns
 72445 | Zot:5    | Killed a dread lich
 72634 | Zot:5    | Noticed an ancient lich
 72635 | Zot:5    | Killed an ancient lich
 72656 | Zot:5    | Reached skill level 27 in Conjurations
 72999 | Zot:5    | Got the Orb of Zot
 73279 | Depths:2 | Noticed Nem Junu the pandemonium lord
 73280 | Depths:2 | Killed Nem Junu the pandemonium lord
 73281 | Depths:2 | Reached skill level 15 in Fighting
 73466 | D:11     | Noticed Boris
 73626 | D:6      | Noticed Cot Xiz the pandemonium lord
 73628 | D:6      | Killed Cot Xiz the pandemonium lord
 73734 | D:$      | Escaped with the Orb!

Illustrated notes

Levels and vault maps discovered:
D:1:      dpeg_arrival_castle, layout_basic,
          dreamdust_ecumenical_altar_sealed_demon, st_stairs_4
D:2:      layout_basic, minmay_joined_circles, uniq_crazy_yiuf_cottage
D:3:      layout_basic, okawaru_trees_2, serial_shops, nicolae_shop_statue_plus,
          nrook_mini_backslash, uniq_grinder, uniq_ijyb, uniq_jessica
D:4:      layout_basic, dk_yredelemnul_ordeal, minmay_temple_entry_statues,
          serial_bayou, serial_bayou_lake_a, serial_bayou_pond_e,
          serial_bayou_ford_a, serial_bayou_lagoon_a, serial_bayou_pond_c,
          cheibrodos_sewer_entry_bend, uniq_natasha
D:5:      layout_basic, mainiacjoe_overflow_paths, palyth_stone_intersect
D:6:      layout_loops_ring, mainiacjoe_overflow_24_doors, serial_aquarium,
          aquarium_bridge_island_small [aquarium_subvault_small_open,
          aquarium_subvault_bridge, aquarium_subvault_bridge,
          aquarium_subvault_bridge, aquarium_subvault_wall],
          aquarium_window_corner, aquarium_window_corner, aquarium_view_2b,
          aquarium_balcony_double_2
D:7:      gammafunk_the_bubble [the_bubble_gammafunk_plus_minus], layout_basic,
          serial_shops, nicolae_shop_hallway_stairs, minmay_door_square,
          kennysheep_generic_room_9, uniq_duvessa
D:8:      layout_cave_pools, zin_statuary, lemuel_crystal_altar,
          serial_gnoll_camp, gnoll_camp_mini_hut, gnoll_camp_mini_doghouse,
          gnoll_camp_mini_doghouse, gnoll_camp_mini_hut,
          gnoll_camp_mini_doghouse, uniq_maggie
D:9:      layout_loops_corners, minmay_lair_entry_grove
D:10:     layout_loops_cross, nicolae_dithmenos_the_darkroom, slow_altar_1,
          old_standard_altar, evilmike_ruin_ashenzari
D:11:     lemuel_ice_spiral_2, layout_irregular_city, orc_0_dummy,
          gammafunk_ghost_necromancy
D:12:     layout_roguey, gauntlet_entry_generic
D:13:     layout_basic, grunt_vaults_entry_fortified
D:14:     layout_roguey, kennysheep_another_room, st_stairs_14
D:15:     gammafunk_depths_entry_grave, layout_loops_ring, minivault_14,
          ploomutoo_gammafunk_ghost_potion_laboratory, dk_noncrumbling_2,
          nicolae_sif_muna_condensation, uniq_kirke, uniq_jorgrun
Lair:1:   layout_chaotic_city, ebering_ghost_inner_flame,
          nicolae_lair_grazing_beasts [nicolae_sub_lair_graze_edge,
          nicolae_sub_lair_graze_edge, nicolae_sub_lair_graze_edge,
          nicolae_sub_lair_graze_edge]
Lair:2:   layout_regular_city, uniq_amaemon
Lair:3:   layout_long_grid, minmay_swamp_entry_worms, dummy_snake_entry
Lair:4:   layout_cave_pods, basic_altar
Lair:5:   evil_forest, layout_regular_city, minmay_slime_entry_oklob_enclosed,
          minmay_lair_oklob_bushes, dreamdust_gnoll_shepherd, grunt_megastairs_3
Swamp:1:  layout_basic_swamp, nicolae_swamp_orc_logging_accident, uniq_mlioglotl
Swamp:2:  layout_basic_swamp, gammafunk_ghost_mausoleum,
          evilmike_swamp_ruin_house_4
Swamp:3:  layout_falls_marsh, serial_swamp_ruin, hangedman_swamp_ruin_wall,
          evilmike_swamp_ruin_house_6, swamp_pool5, hangedman_swamp_dais,
          infiniplex_staircase_pool
Swamp:4:  swamp_basic_johnstein, layout_basic_swamp
Snake:1:  layout_misc_corridors, uniq_frances, uniq_roxanne
Snake:2:  layout_layer_cave, basic_altar, hangedman_snake_corridor_split
Snake:3:  layout_misc_corridors, nicolae_stop_n_shop_2
Snake:4:  johnstein_snake_rune_scales, layout_cave_shapes, serial_shops,
          nicolae_lakefront_shop, gammafunk_ghost_arena, drop_trap,
          serial_bayou_shore_b
Orc:1:    layout_diamond_mine, serial_shops, shop, abandoned_shop,
          nicolae_orc_lava_tube, nicolae_shop_overcharged_wands
Orc:2:    st_orc_mages, layout_diamond_mine, minmay_orc_keep
Elf:1:    minmay_the_grid_4x2 [minmay_the_grid_tree,
          minmay_the_grid_minigrid_large, minmay_the_grid_broken_lines,
          minmay_the_grid_dragon_b, minmay_the_grid_medium_cups,
          minmay_the_grid_outer_circle, minmay_the_grid_aliased_spiral,
          minmay_the_grid_prize_big_room], layout_loops_corners,
          minmay_elf_annihilation, minivault_26
Elf:2:    elven_hall_of_blades_hangedman_alternative
          [nicolae_blade_entry_sentries_behind_glass], layout_geoelf_octagon,
          nicolae_elf_double_double_double_trouble
Elf:3:    grunt_elf_hall_branching, layout_loops_cross, serial_shops, shop,
          nicolae_shop_temple_entry_statues_fountains, nicolae_lakefront_shop
Vaults:1: v_misc_4, dpeg_vaults_hating_casters, v_alt_pattern_3,
          nicolae_vaults_big_ls, ontoclasm_vaults_idyll,
          nicolae_vaults_network_quincunx
          [nicolae_vaults_network_quincunx_subvault,
          nicolae_vaults_network_quincunx_subvault,
          nicolae_vaults_network_quincunx_subvault,
          nicolae_vaults_network_quincunx_subvault,
          nicolae_vaults_network_quincunx_subvault],
          ontoclasm_vaults_claustrophobia, v_misc_19, v_misc_9,
          nicolae_vaults_little_squares_1, v_alt_pattern_6, vaults_room_pool,
          ontoclasm_vaults_chip, layout_vaults_big_cross, serial_shops, shop
Vaults:2: gammafunk_ghost_smash, vaults_dpeg_cross, v_misc_33,
          blue_anna_dwarven_crypt, nicolae_vaults_little_squares_2,
          nicolae_vaults_quartermaster, nicolae_vaults_diagonal_hallway_8,
          grunt_vaults_diagonal, nicolae_vaults_bisected_slash,
          vaults_room_ringed_pool, vaults_room_corners, vaults_room_fours,
          vaults_dpeg_spiral, nicolae_vaults_mini_display_case,
          vaults_mumra_chevron_long, vaults_dpeg_encased_lava,
          layout_vaults_omnibox
Vaults:3: gammafunk_ghost_abyssal_escape, nicolae_vaults_network_barrier,
          v_misc_13, nicolae_vaults_angled_halls, hangedman_vaults_variations,
          grunt_vaults_focal, nicolae_vaults_hallways_thing,
          nicolae_vaults_little_squares_2, nicolae_vaults_border_crossing,
          nicolae_vaults_ring_of_whatevers, sword_in_stone,
          layout_vaults_omnigrid, uniq_nikola
Vaults:4: dpeg_vaults_monster_box, vaults_dpeg_hooks, v_misc_30,
          nicolae_vaults_diagonal_hallway_8, v_rooms_5,
          nicolae_vaults_inception_corners, nicolae_vaults_network_s,
          nicolae_vaults_three_branches, vaults_room_semicircle,
          nicolae_vaults_lopsided_apartments, ontoclasm_vaults_pinch,
          layout_vaults_maze, uniq_sojobo
Vaults:5
Crypt:1:  layout_misc_corridors, st_stairs_7, minivault_19
Crypt:2:  layout_misc_corridors, uniq_frederick, uniq_boris
Crypt:3:  church_of_pain_bobbens, layout_chaotic_city,
          nicolae_tomb_entry_unfolded_pyramid_diagonal, gammafunk_ghost_grave
Depths:1: layout_basic, rand_demon_pan_entry_9, hell_entry, horrible_house_mu,
          serial_bayou_shore_b, kennysheep_random_hallway, minmay_shop_grove
Depths:2: evilmike_hourglass, layout_small_grid, enter_ziggurat_d, serial_shops,
          nicolae_take_the_stairs, rand_demon_pan_entry_8,
          nicolae_kikubaaqudgha_miasma_corner, hell_entry,
          minmay_misc_feat_ornament, infiniplex_staircase_pool_2, firewood_loft,
          uniq_mara
Depths:3: cheibrodos_tormentor_scu, layout_gridlike,
          hangedman_abyss_entry_splay, hell_entry,
          nicolae_elyvilon_peaceful_grove, rand_demon_pan_entry_4,
          uniq_josephina
Depths:4: evilmike_zot_entry_diamond, layout_gridlike, lightli_too_deep,
          serial_shops, nicolae_inconvenience_store,
          nicolae_trove_entry_free_sample, serial_sigils_hangedman_gnaw,
          minmay_shoptagon
Zot:1:    layout_twisted_circle, gammafunk_ghost_wrathful_warriors
Zot:2:    layout_twisted_circle, zot_minivault_2, lemuel_elevator
Zot:3:    layout_twisted_circle, grunt_ministairs_9
Zot:4:    layout_misc_corridors, ebering_ghost_reflecting_pool,
          grunt_megastairs_4, uniq_tiamat
Zot:5:    layout_basic

Skill      XL: |  1  2  3  4  5  6  7  8  9 10 11 12 13 14 15 16 17 18 19 20 21 22 23 24 25 26 27 |
---------------+----------------------------------------------------------------------------------+-----
Necromancy     | 1 |  1.5
Conjurations   | 1 2 3 4 6 7 10 11 12 13 18 22 25 26 27 | 27.0
Spellcasting   | 3 4 6 7 9 11 13 14 16 17 | 17.3
Fighting       | 7 8 9 13 14 15 | 15.3
Evocations     | 5 6 8 |  8.0
Dodging        | 5 6 7 11 | 11.8
Earth Magic    | 7 11 | 11.0
Air Magic      | 5 7 |  7.0
Invocations    | 10 14 15 18 27 | 27.0
Ice Magic      | 2 |  2.0
Fire Magic     | 6 12 16 21 26 27 | 27.0
Polearms       | |  2.5
Throwing       | |  0.8
Translocations | |  3.0

Action                     |  1- 3 |  4- 6 |  7- 9 | 10-12 | 13-15 | 16-18 | 19-21 | 22-24 | 25-27 || total
---------------------------+-------+-------+-------+-------+-------+-------+-------+-------+-------++-------
  Melee: Spear             |   140 |   103 |       |       |       |       |       |       |       ||   243
         Tailslap          |     5 |     8 |    11 |     2 |    29 |    62 |       |    12 |     1 ||   130
         Punch             |     2 |       |       |     1 |       |       |       |       |       ||     3
         Unarmed           |       |     3 |       |       |       |       |       |       |       ||     3
         Trident           |       |     4 |   129 |     2 |       |       |       |       |       ||   135
         Staff             |       |       |       |    17 |   149 |   301 |     5 |    46 |     4 ||   522
   Fire: Arbalest          |       |       |    13 |       |       |       |       |       |       ||    13
  Throw: Boomerang         |     1 |       |       |       |       |       |       |       |       ||     1
   Cast: Kiss of Death     |     2 |       |       |       |       |       |       |       |       ||     2
         Searing Ray       |       |    15 |    55 |   185 |    16 |       |       |       |       ||   271
         Kindle Blastspark |       |       |    29 |    12 |     2 |       |       |       |       ||    43
         Fulminant Prism   |       |       |       |    12 |     7 |       |       |       |       ||    19
         Irradiate         |       |       |       |     1 |     4 |       |       |       |       ||     5
         Iron Shot         |       |       |       |       |   338 |   308 |    42 |    97 |    51 ||   836
         Freezing Cloud    |       |       |       |       |    46 |    82 |       |       |       ||   128
         Orb of Destructio |       |       |       |       |     2 |    18 |    17 |     8 |       ||    45
         Fireball          |       |       |       |       |       |   125 |   379 |   338 |   154 ||   996
         Ignition          |       |       |       |       |       |       |   101 |   188 |    77 ||   366
         Apportation       |       |       |       |       |       |       |     3 |       |       ||     3
         Fire Storm        |       |       |       |       |       |       |       |    30 |   259 ||   289
         Passage of Golubr |       |       |       |       |       |       |       |       |     7 ||     7
Ability: Breathe Fire      |       |       |    17 |    14 |    17 |    11 |     8 |     4 |       ||    71
  Evoke: Wand              |       |       |       |       |     1 |       |       |       |       ||     1
         Box of beasts     |       |       |       |       |       |     2 |       |       |       ||     2
    Use: Scroll            |     3 |     7 |     4 |    13 |    11 |    12 |     9 |     9 |     1 ||    69
         Potion            |       |       |       |     1 |       |     2 |     8 |     6 |     4 ||    21
   Stab: Sleeping          |       |     2 |     1 |       |       |       |       |       |       ||     3
 Armour: Skin              |    31 |    21 |    64 |   111 |    76 |   146 |    39 |    87 |    38 ||   613
  Dodge: Dodged            |    73 |    74 |   173 |   615 |   399 |   602 |    75 |   101 |    48 ||  2160
  Block: Buckler           |       |       |       |       |   109 |   169 |    37 |    77 |    28 ||   420

Table legend: (Time is in decaauts)
 A = Elapsed time spent in this place.
 B = Non-inter-level travel time spent in this place.
 C = Inter-level travel time spent in this place.
 D = Time resting spent in this place.
 E = Time spent auto-exploring this place.
 F = Levels seen in this place.
 G = Mean time per level.
                   A        B        C        D        E       F      G
               +--------+--------+--------+--------+--------+-----+--------+
         Total |  74122 |  68785 |   5337 |  23896 |  30752 |  67 | 1106.3 |
       Dungeon |  17799 |  16286 |   1513 |   3752 |   9407 |  15 | 1186.6 |
          Lair |  10110 |   9469 |    641 |   4600 |   3448 |   5 | 2022.0 |
         Swamp |   5707 |   5387 |    320 |   2622 |   1483 |   4 | 1426.8 |
     Snake Pit |  10745 |  10303 |    442 |   6659 |   2129 |   4 | 2686.2 |
  Orcish Mines |   2675 |   2287 |    388 |    702 |   1031 |   2 | 1337.5 |
   Elven Halls |   3629 |   3298 |    331 |    620 |   1799 |   3 | 1209.7 |
        Vaults |   8015 |   7361 |    654 |   1468 |   4298 |   5 | 1603.0 |
         Crypt |   3220 |   3032 |    188 |    668 |   1708 |   3 | 1073.3 |
        Depths |   5049 |   4473 |    576 |    882 |   2808 |   4 | 1262.2 |
           Zot |   4741 |   4461 |    280 |   1125 |   2323 |   5 |  948.2 |
         Abyss |    241 |    241 |      0 |     73 |      0 |   1 |  241.0 |
      Ziggurat |    774 |    774 |      0 |    207 |      0 |  13 |   59.5 |
         Trove |     79 |     79 |      0 |     10 |      0 |   1 |   79.0 |
         Sewer |    208 |    208 |      0 |     97 |     37 |   1 |  208.0 |
      Gauntlet |   1124 |   1124 |      0 |    410 |    280 |   1 | 1124.0 |
               +--------+--------+--------+--------+--------+-----+--------+

Top non-repeatable levels by time:
  Lair:5: 3381 daAuts
 Snake:2: 3047 daAuts
 Snake:4: 2797 daAuts
 Snake:1: 2719 daAuts
 Snake:3: 2180 daAuts
     D:7: 2023 daAuts
  Lair:3: 2010 daAuts
  Lair:4: 1958 daAuts
     D:4: 1730 daAuts
Vaults:5: 1718 daAuts
 Swamp:4: 1704 daAuts
 Swamp:3: 1682 daAuts
Vaults:2: 1675 daAuts
   Orc:2: 1650 daAuts
 Swamp:1: 1627 daAuts
